Unix NetHack Version 5.0.0-0 post-release - last build Jul 19 2026 19:10:59 (3aa4ab31751d3886436d94b585a96704892fd477,branch:main).

Game began 2026-07-30 18:03:47, ended 2026-07-30 22:23:59.

IanCurtis, chaotic male elven Wizard

                                           ----
  -- -----        -------                ---..|
 --.--...--       |..|..|        ---     |....---                        ---
 |........---     ......      ----.---- --......|                     ----.--
 |..........--   --....-     --.......---.......|                    --.....--
 ----........-----.....|     |.................----                  |.......|
    --...`.............---  --.................[.)---     ----       |....%.-|
     |........#---.......----.........|.---...#--...--    |..--------|..---..--
     ---.....[%.....................^---- ####- ---..------...|.--..||..|--%..|
      --..%|..o...........#---.......#            --................|----|...--
      |...---.....---.....-# ----...-|             ---------.......----- |.---
      |...|--.....- -----..|    --...----                  |.......---.---.|
      ---.||...--...    --.|     #--....-                  ---......|...|..|
       |..||..-------    |.|       ---- ..-                  ---...........|
  ------.--|..|           ..            - ..                   -...........|
 --......| |'.|          ...              ---                 |............-
 |..>..--- #@#-          ---                                  |..............|
 |.....|   -#-                                                --.|...........|
 |.....|                                                       -----....|.----
 -------                                                           ---.----
                                                                     ---
IanCurtis the Thaumaturge  St:10 Dx:12 Co:16 In:17 Wi:12 Ch:11  Chaotic
Dlvl:8  $:145 HP:0(43) Pw:0(57) AC:7  Xp:6 T:3154 

Latest messages:
 The gold golem hits again!
 The Uruk-hai picks up an orange gem.
 What do you want to drink? [fhrwIJQSU or ?*] r
 You feel better.
 The gold golem hits!
 The gold golem hits again!
 The Uruk-hai picks up a yellow gem.
 What do you want to write with? [- acelnBCN-PTW or ?*] -
 Do you want to add to the current engraving? [ynq] (y) n
 You wipe out the message that was written in the dust here.
 You write in the dust with your fingertip.
 What do you want to write in the dust here? Elbereth
 The gold golem hits!
 The gold golem hits again!
 In what direction? k
 The spell hits the gold golem!
 The gold golem hits!
 The gold golem hits again!
 What do you want to drink? [fhrwIJQSU or ?*] ?
 You feel better.
 The Uruk-hai picks up an iron skull cap.
 What do you want to write with? [- acelnBCN-PTW or ?*] -
 Do you want to add to the current engraving? [ynq] (y) n
 You wipe out the message that was written in the dust here.
 You write in the dust with your fingertip.
 What do you want to write in the dust here? Elbereth
 The gold golem hits!
 The gold golem hits again!
 The Uruk-hai puts on an iron skull cap.
 Something is written here in the dust.
 You read: "Elber^th".
 You see no objects here.
 What do you want to write with? [- acelnBCN-PTW or ?*] -
 Do you want to add to the current engraving? [ynq] (y) n
 You wipe out the message that was written in the dust here.
 You write in the dust with your fingertip.
 What do you want to write in the dust here? Elbereth
 The gold golem hits!
 The gold golem hits again!
 The Uruk-hai picks up a crude short sword.
 In what direction? k
 The spell misses the gold golem.
 The Uruk-hai picks up a white-handed shield.
 You don't have enough energy to cast that spell.
 You hit the gold golem!
 The gold golem hits!
 The gold golem hits again!
 You die...
 Do you want your possessions identified? [ynq] (y) y
 Do you want to see your attributes? [ynq] (y) q

Inventory:
 Coins    ('$')
  $ - 145 gold pieces
 Weapons  (')')
  T - 13 blessed +1 arrows
  W - 6 poisoned +0 orcish arrows
  N - a +0 dart
  l - a cursed -1 elven dagger
  a - a blessed +1 quarterstaff (weapon in hands)
 Armor    ('[')
  m - a blessed +1 pair of water walking boots (being worn)
  b - an uncursed +0 cloak of magic resistance (being worn)
 Comestibles  ('%')
  x - an uncursed slime mold
  q - an uncursed partly eaten cram ration
  u - an uncursed cram ration
  F - 3 uncursed food rations
  K - an uncursed fortune cookie
  v - an uncursed melon
  s - an uncursed pear
  t - 2 uncursed sprigs of wolfsbane
 Scrolls  ('?')
  E - an uncursed scroll of blank paper
  i - an uncursed scroll of charging
  M - an uncursed scroll of confuse monster
  A - an uncursed scroll of create monster
  p - a blessed scroll of enchant weapon
  z - an uncursed scroll of enchant weapon
  H - an uncursed scroll of gold detection
  k - an uncursed scroll of magic mapping
  j - an uncursed scroll of remove curse
  y - an uncursed scroll of scare monster
 Spellbooks  ('+')
  V - an uncursed spellbook of finger of death
 Potions  ('!')
  J - an uncursed potion of extra healing
  Q - an uncursed potion of full healing
  S - an uncursed potion of gain ability
  U - a cursed potion of gain ability
  I - an uncursed potion of object detection
  f - an uncursed potion of polymorph
  w - a blessed potion of sickness
  h - 2 potions of holy water
 Rings    ('=')
  e - an uncursed ring of fire resistance
  B - an uncursed ring of fire resistance
  P - an uncursed ring of slow digestion (on right hand)
 Wands    ('/')
  C - a wand of cancellation (0:2)
  O - a wand of digging (0:8)
  c - a wand of sleep (0:4)
 Tools    ('(')
  n - a magic marker (0:20)
  d - a +0 pick-axe
  R - an uncursed tallow candle

IanCurtis the Wizard's attributes:

Background:
 You were a Thaumaturge, a level 6 male elven Wizard.
 You were chaotic, on a mission for Anhur
 who was opposed by Ptah (lawful) and Thoth (neutral).
 You were right-handed.
 You were in the Gnomish Mines, on level 8.
 You entered the dungeon 3154 turns ago.
 It was nighttime.
 There was a full moon in effect when your adventure ended.
 You had 528 experience points, 112 more were needed to attain level 7.

Basics:
 You had 0 out of 43 hit points.
 You had 0 out of 57 energy points (spell power).
 Your armor class was 7.
 Your wallet contained 145 zorkmids.
 Autopickup was off.

Final Characteristics:
 Your strength was 10 (limit:18).
 Your dexterity was 12 (limit:18).
 Your constitution was 16 (limit:16).
 Your intelligence was 17 (limit:20).
 Your wisdom was 12 (limit:20).
 Your charisma was 11 (limit:18).

Final Status:
 You weren't hungry.
 You were unencumbered.
 You were wielding a quarterstaff.
 You had basic skill with quarterstaff and could have enhanced that.

Final Attributes:
 You were piously aligned.
 You were magic-protected.
 You were sleep resistant.
 You had infravision.
 You could walk on water.
 You had slower digestion.
 You were warded.
 You were unlucky.
 You are dead.

Miscellaneous:
 You encountered 1 bones level.
 Total elapsed playing time was 1 hour, 3 minutes and 46 seconds.

Major events:
 Turn
    1: IanCurtis the chaotic male elven Wizard entered the dungeon
 1472: attained the rank of Conjurer (level 3)
 2341: entered the Gnomish Mines
 2566: attained the rank of Thaumaturge (level 6)
 3154: killed by a gold golem

Spells:
 Name                 Level Category     Fail Retention
 force bolt             1   attack         0%   81%-90%
 jumping                1   escape         0%  76%-100%
 extra healing          3   healing       79%  76%-100%
 light                  1   divination     0%  76%-100%

Skills:
 Fighting Skills
   bare handed combat [Unskilled]
   riding             [Unskilled]
 Weapon Skills
   dagger             [Unskilled]
   knife              [Unskilled]
   axe                [Unskilled]
   short sword        [Unskilled]
   club               [Unskilled]
   mace               [Unskilled]
   quarterstaff       [Basic]
   polearms           [Unskilled]
   spear              [Unskilled]
   trident            [Unskilled]
   sling              [Unskilled]
   dart               [Unskilled]
   shuriken           [Unskilled]
 Spellcasting Skills
   attack spells      [Basic]
   healing spells     [Unskilled]
   divination spells  [Unskilled]
   enchantment spells [Basic]
   clerical spells    [Unskilled]
   escape spells      [Unskilled]
   matter spells      [Unskilled]

Voluntary challenges:
 Character rerolling was not enabled.
 You never genocided any monsters.
 You never polymorphed an object.
 You never changed form.
 You used no wishes.
Achievements:
 You entered a shop.
 You attained the rank of Conjurer.
 You entered the Gnomish Mines.
 You attained the rank of Thaumaturge.

 The Dungeons of Doom: levels 1 to 5
    Level 1:
    Level 2:
       A general store, some fountains.
    Level 3: "spellbooks by altar"
       An altar to Anhur, a fountain.
    Level 4:
       A general store, a sink.
       Stairs down to The Gnomish Mines.
    Level 5:
       Final resting place for
          dutu-Ran-Hum-Fem-Neu, killed by a hill orc, while frozen by a potion.
 The Gnomish Mines: levels 5 to 9
    Level 5:
    Level 8: <- You were here.
       Final resting place for
          you, killed by a gold golem.
    Level 9:


Vanquished creatures:
 an orc-captain
  a jaguar
  a wood nymph
  2 water nymphs
  3 Uruk-hai
  a pony
  a fog cloud
  2 shriekers
  3 gnome leaders
  a gnomish wizard
  2 giant ants
  4 dwarves
  a kobold leader
  a hill orc
  a centipede
 an acid blob
  a gas spore
  a hobbit
  3 red molds
 15 gnomes
  a gnome zombie
  3 geckos
  7 jackals
  a fox
  a kobold
  a sewer rat
  6 grid bugs
  4 lichens
  2 kobold zombies
  5 newts
77 creatures vanquished.

No species were genocided or became extinct.

Game over:
                       ----------
                      /          \
                     /    REST    \
                    /      IN      \
                   /     PEACE      \
                  /                  \
                  |    IanCurtis     |
                  |      145 Au      |
                  | killed by a gold |
                  |      golem       |
                  |                  |
                  |                  |
                  |       2026       |
                 *|     *  *  *      | *
        _________)/\\_//(\/(/\)/\//\/|_)_______

Goodbye IanCurtis the Wizard...

You died in The Gnomish Mines on dungeon level 8 with 2653 points,
and 145 pieces of gold, after 3154 moves.
You were level 6 with a maximum of 43 hit points when you died.

